 Dungeon Crawl Stone Soup version 0.31-a0-437-g7cee417757 (webtiles) character file.

Game seed: 15761856319476049724

3922 Ethylacetat the Martial Artist (level 10, -4/56 HPs)
             Began as a Vine Stalker Monk on Aug 2, 2023.
             Slain by a two-headed ogre
             ... wielding a +0 giant spiked club
              (19 damage)
             ... on level 8 of the Dungeon.
             The game lasted 00:13:09 (6310 turns).

Ethylacetat the Martial Artist (Vine Stalker Monk)  Turns: 6310, Time: 00:13:11

Health: -4/56      AC: 10    Str: 14    XL:     10   Next: 20%
Magic:  0/11       EV: 12    Int: 10    God:
Gold:   308        SH:  5    Dex: 21    Spells: 7/9 levels left

rFire   + . .        F - +5 spear (venom)
rCold   . . .        B - +0 buckler
rNeg    . . .        z - +2 chain mail {rF+}
rPois   .            (no helmet)
rElec   .            (no cloak)
rCorr   .            (no gloves)
SInv    .            (no boots)
Will    +....        (no amulet) Stlth
                     e - +5 ring of evasion
HPRegen 1.09/turn    i - ring of flight
MPRegen 0.12/turn

%: guardian spirit
@: flying
A: fangs 3, regeneration 1, magic shield, antimagic bite, no potion heal 2
a: no special abilities


You were on level 8 of the Dungeon.
You visited 2 branches of the dungeon, and saw 9 of its levels.
You also visited: Ossuary.

You collected 364 gold pieces.
You spent 56 gold pieces at shops.

Inventory:

Hand Weapons
 F - a +5 spear of venom (weapon)
Armour
 c - an orb of light
 z - a +2 chain mail of fire resistance (worn)
 B - a +0 buckler (worn)
Jewellery
 e - a +5 ring of evasion (left hand)
 i - a ring of flight (right hand)
Wands
 u - a wand of iceblast (16)
 y - a wand of flame (22)
Scrolls
 j - 10 scrolls of identify {unknown}
 k - 2 scrolls of immolation {unknown}
 r - 2 scrolls of teleportation {unknown}
 s - a scroll of silence {unknown}
 t - a scroll of poison {unknown}
 v - 3 scrolls of revelation {unknown}
 w - 5 scrolls of noise {unknown}
 x - a scroll of vulnerability {unknown}
 D - a scroll of enchant weapon {unknown}
Potions
 a - 4 potions of cancellation {unknown}
 b - 4 potions of mutation {unknown}
 d - 2 potions of degeneration {unknown}
 f - 3 potions of magic {unknown}
 g - 3 potions of lignification
 h - 2 potions of enlightenment {unknown}
 l - a potion of resistance {unknown}
 m - 5 potions of attraction {unknown}
 n - 4 potions of might
 o - 2 potions of haste {unknown}
 p - 2 potions of invisibility {unknown}
 q - a potion of heal wounds {unknown}
 A - a potion of brilliance {unknown}
 C - 4 potions of curing
 E - 2 potions of berserk rage {unknown}


   Skills:
 + Level 8.1 Fighting
 - Level 2.9 Dodging
 + Level 2.0 Shields
 * Level 11.7 Unarmed Combat


You had 7 spell levels left.
You knew the following spells:

 Your Spells              Type           Power      Damage    Failure   Level
a - Wereblood             Tmut           0%         N/A       100%        2

Your spell library contained the following spells:

 Spells                   Type           Power      Damage    Failure   Level
 Shock                    Conj/Air       0%         1d3       100%        1
 Slow                     Hex            0%         N/A       100%        1
 Sting                    Tmut/Pois      0%         1d3       100%        1
 Poisonous Vapours        Pois/Air       0%         N/A       100%        2
 Sublimation of Blood     Necr           0%         N/A       100%        2
 Confusing Touch          Hex            0%         N/A       100%        3
 Portal Projectile        Hex/Tloc       0%         N/A       100%        3
 Swiftness                Air            0%         N/A       100%        3
 Tukima's Dance           Hex            0%         N/A       100%        3
 Vampiric Draining        Necr           0%         2d6       100%        3
 Airstrike                Air            0%         2d(0-16)  100%        4
 Iskenderun's Mystic Bla  Conj/Tloc      0%         2d3       100%        4
 Olgreb's Toxic Radiance  Pois           0%         N/A       100%        4
 Summon Hydra             Summ           0%         N/A       100%        7


Dungeon Overview and Level Annotations

Branches:
Dungeon (8/15)             Temple (1/1) D:6         Ossuary (visited)
   Lair: D:8-11

Altars:
Ashenzari
Cheibriados
Dithmenos
Fedhas
Hepliaklqana
Kikubaaqudgha
Makhleb
Qazlal
Ru
Sif Muna
Trog
Uskayaw
Wu Jian
Xom
Yredelemnul
The Shining One

Shops:
D:3 *   D:4 (


Innate Abilities, Weirdness & Mutations

You have razor-sharp teeth.
Your natural rate of healing is unusually fast.
When hurt, damage is shared between your health and your magic reserves.
Your bite disrupts and absorbs the magic of your enemies.
Potions cannot restore your health.


Message History

You completely miss the two-headed ogre.
You bite the two-headed ogre, but do no damage.
The two-headed ogre is lightly wounded.
The two-headed ogre barely misses you.
The two-headed ogre hits you but does no damage.
You completely miss the two-headed ogre.
You bite the two-headed ogre. You drain its power.
You feel invigorated.
The two-headed ogre is lightly wounded.
You barely miss the two-headed ogre.
The two-headed ogre is lightly wounded.
The two-headed ogre hits you with a +0 giant spiked club!
The two-headed ogre hits you with a +0 giant spiked club!!
You are too injured to fight recklessly!
You are too injured to fight recklessly!
You barely miss the two-headed ogre. Your bite misses the two-headed ogre.
The two-headed ogre is lightly wounded.
The two-headed ogre closely misses you. You block the two-headed ogre's attack.
You barely miss the two-headed ogre.
The two-headed ogre is lightly wounded.
The two-headed ogre closely misses you.
The two-headed ogre hits you with a +0 giant spiked club!
* * * LOW HITPOINT WARNING * * *
You hit the two-headed ogre.
The two-headed ogre looks as sick as possible!
Your bite misses the two-headed ogre.
The two-headed ogre is moderately wounded.
You hit the two-headed ogre.
The two-headed ogre looks as sick as possible!
You bite the two-headed ogre! You drain its power.
You feel invigorated.
The two-headed ogre is heavily wounded.
The two-headed ogre barely misses you.
The two-headed ogre hits you with a +0 giant spiked club.
* * * LOW HITPOINT WARNING * * *
You hit the two-headed ogre.
The two-headed ogre looks as sick as possible!
You bite the two-headed ogre, but do no damage.
The two-headed ogre is severely wounded.
The two-headed ogre closely misses you.
The two-headed ogre hits you with a +0 giant spiked club!!
You die...

### #..# #..# ####..#
......##
#...########..
#.....@O......
#...########.#
#.#####..#######
#...<...........
###########.#.######
..........).#.######
.##.#######(#.##...###
.##.# #............##
....# ##.............#


You could see a two-headed ogre (extremely poisoned).

Vanquished Creatures
  Pikel (D:6)
  A wyvern (D:7)
  Sigmund (D:3)
  A steam dragon (D:7)
  Menkaure (Ossuary)
  Duvessa (D:7)
  A water moccasin (D:6)
  A black bear (D:4)
  2 sky beasts
  An ogre (D:4)
  4 lemures (D:6)
  A phantom (D:6)
  4 kobold brigands
  2 bullfrogs
  2 gnoll sergeants
  3 scorpions
  4 wights (D:7)
  Dowan (D:7)
  A howler monkey (D:6)
  4 centaur zombies (Ossuary)
  4 jellies
  4 hounds
  An orc priest (D:4)
  Crazy Yiuf (D:4)
  2 sleepcaps
  A gnoll bouda (D:8)
  5 iguanas
  4 orc wizards
  An ogre zombie (Ossuary)
  6 mummies (Ossuary)
  9 adders
  16 gnolls
  A shadow imp (D:8)
  A white imp (D:5)
  An ufetubus (D:6)
  3 adder zombies (Ossuary)
  A worm (D:3)
  4 dart slugs
  17 orcs
  5 ball pythons
  5 bats
  5 endoplasms
  2 giant cockroaches
  2 gnoll zombies (Ossuary)
  10 goblins
  9 hobgoblins
  25 kobolds
  4 quokkas
  5 frilled lizards
  5 goblin zombies (Ossuary)
  3 hobgoblin zombies (Ossuary)
  2 kobold zombies (Ossuary)
  An orc zombie (Ossuary)
  5 quokka zombies (Ossuary)
  3 rats
  4 rat zombies (Ossuary)
214 creatures vanquished.

Notes
Turn   | Place    | Note
-------+----------+-------------------------------------------
     0 | D:1      | Ethylacetat the Vine Stalker Monk began the quest for the
                  | Orb.
     0 | D:1      | Reached XP level 1. HP: 11/11 MP: 2/2
   108 | D:1      | Reached XP level 2. HP: 15/16 MP: 1/3
   528 | D:1      | Found a faded altar of an unknown god.
   934 | D:2      | Reached XP level 3. HP: 20/20 MP: 4/4
  1015 | D:2      | You are sucked into a shaft and drop 1 floor!
  1200 | D:3      | Learned a level 2 spell: Wereblood
  1362 | D:3      | Gained mutation: Your natural rate of healing is unusually
                  | fast. [Vine Stalker growth]
  1362 | D:3      | Reached XP level 4. HP: 24/24 MP: 5/5
  1402 | D:3      | Noticed Sigmund
  1414 | D:3      | Killed Sigmund
  1415 | D:3      | Reached skill level 5 in Unarmed Combat
  1415 | D:3      | Reached XP level 5. HP: 29/29 MP: 6/6
  1489 | D:3      | Found a hazy altar of Hepliaklqana.
  1497 | D:3      | Reached XP level 6. HP: 33/33 MP: 7/7
  1744 | D:3      | Found Haxesetz's Assorted Antiques.
  1752 | D:3      | Bought a bubbling sapphire potion for 18 gold pieces
  1752 | D:3      | Bought a sedimented brown potion for 18 gold pieces
  1752 | D:3      | Bought a scroll labelled JIQ BERCHUSTROVO for 20 gold
                  | pieces
  2089 | D:4      | Found Labiuhil's Antique Weapon Boutique.
  2164 | D:4      | Noticed a black bear
  2174 | D:4      | Killed a black bear
  2175 | D:4      | Reached skill level 6 in Unarmed Combat
  2450 | D:4      | Reached XP level 7. HP: 19/38 MP: 8/8
  2947 | D:4      | Found a runed translucent door.
  2948 | D:4      | Noticed Crazy Yiuf
  3164 | D:4      | Killed Crazy Yiuf
  3165 | D:4      | Reached skill level 5 in Fighting
  3256 | D:5      | Entered Level 5 of the Dungeon
  3466 | D:5      | Reached skill level 7 in Unarmed Combat
  3559 | D:5      | Gained mutation: You have razor-sharp teeth. [Vine Stalker
                  | growth]
  3559 | D:5      | Reached XP level 8. HP: 41/43 MP: 9/9
  3882 | D:6      | Noticed Pikel
  3905 | D:6      | Killed Pikel
  3906 | D:6      | Reached skill level 9 in Unarmed Combat
  4013 | D:6      | Reached XP level 9. HP: 31/49 MP: 7/10
  4218 | D:6      | Found a broken altar of Ashenzari.
  4277 | D:6      | Found a blossoming altar of Fedhas.
  4290 | D:6      | Found a staircase to the Ecumenical Temple.
  4299 | Temple   | Entered the Ecumenical Temple
  4678 | D:7      | Reached skill level 10 in Unarmed Combat
  5044 | D:7      | Noticed Dowan
  5045 | D:7      | Noticed Duvessa
  5051 | D:7      | Killed Duvessa
  5052 | D:7      | Reached skill level 11 in Unarmed Combat
  5056 | D:7      | Killed Dowan
  5444 | D:8      | Reached XP level 10. HP: 55/56 MP: 8/11
  5446 | D:8      | Reached skill level 1 in Shields
  5619 | D:8      | Found a sand-covered staircase.
  5628 | Ossuary  | Entered an ossuary
  5692 | Ossuary  | Noticed Menkaure
  5727 | Ossuary  | Killed Menkaure
  6298 | D:8      | Noticed a two-headed ogre
  6310 | D:8      | Slain by a two-headed ogre

Illustrated notes

Levels and vault maps discovered:
D:1:      minmay_arrival_open_corners, layout_basic,
          shapermc_ecumenical_altar_totnotflames
D:2:      layout_rooms, grunt_ministairs_3
D:3:      layout_loops_corners, nicolae_hepliaklqana_hazy_memory, serial_shops,
          shop, chequers_arboretum, kennysheep_cross_room, uniq_sigmund
D:4:      layout_basic, serial_shops, nicolae_inconvenience_store,
          uniq_crazy_yiuf_cottage
D:5:      layout_basic
D:6:      layout_basic, nicolae_overflow_hidden_temple, temple_pool_b,
          uniq_pikel
D:7:      layout_rooms, uniq_duvessa
D:8:      layout_loops_ring, enter_ossuary_1
Temple:   nicolae_temple_ecumenical_triangle

Skill      XL: |  1  2  3  4  5  6  7  8  9 10 |
---------------+-------------------------------+-----
Fighting       | 3 4 5 6 7 8 |  8.1
Unarmed Combat | 5 6 7 9 11 | 11.7
Shields        | 2 |  2.0
Dodging        | |  2.9

Action                     |  1- 3 |  4- 6 |  7- 9 | 10-12 || total
---------------------------+-------+-------+-------+-------++-------
  Melee: Unarmed           |    87 |    34 |       |       ||   121
         Bite              |    25 |    35 |   142 |    65 ||   267
         Dagger            |       |    40 |   315 |       ||   355
         Spear             |       |       |    84 |   168 ||   252
    Use: Potion            |       |       |     3 |       ||     3
 Armour: Robe              |     8 |     4 |     5 |       ||    17
         Chain mail        |       |       |   136 |    49 ||   185
         Skin              |       |       |    22 |       ||    22
  Dodge: Dodged            |    69 |    62 |   224 |    66 ||   421
  Block: Buckler           |       |       |    84 |    22 ||   106

Table legend: (Time is in decaauts)
 A = Elapsed time spent in this place.
 B = Non-inter-level travel time spent in this place.
 C = Inter-level travel time spent in this place.
 D = Time resting spent in this place.
 E = Time spent auto-exploring this place.
 F = Levels seen in this place.
 G = Mean time per level.
                   A        B        C        D        E       F      G
               +--------+--------+--------+--------+--------+-----+--------+
         Total |   6343 |   6190 |    153 |     77 |   4580 |  10 |  634.3 |
       Dungeon |   5880 |   5727 |    153 |     51 |   4341 |   8 |  735.0 |
        Temple |      1 |      1 |      0 |      0 |      0 |   1 |    1.0 |
       Ossuary |    461 |    461 |      0 |     26 |    239 |   1 |  461.0 |
               +--------+--------+--------+--------+--------+-----+--------+

Top non-repeatable levels by time:
     D:4: 1296 daAuts
     D:3: 938 daAuts
     D:1: 927 daAuts
     D:6: 823 daAuts
     D:7: 705 daAuts
     D:5: 595 daAuts
     D:8: 511 daAuts
 Ossuary: 461 daAuts
     D:2: 82 daAuts
  Temple: 1 daAuts
